 Dungeon Crawl Stone Soup version 0.25-a0-670-g50981ef59b (webtiles) character file.

Game seed: 4489234931104154832, levelgen mode: deterministic

11 Error4North the Magician (level 2, 3/22 HPs)
             Began as a Draconian Wizard on Mar 29, 2020.
             Got out of the dungeon alive.
             The game lasted 00:01:13 (105 turns).

Error4North the Magician (Draconian Wizard)          Turns: 105, Time: 00:01:13

Health: 3/22       AC:  4    Str:  9    XL:     2   Next: 17%
Magic:  0/6        EV: 12    Int: 18    God:
Gold:   0          SH:  0    Dex:  9    Spells: 6/7 levels left

rFire    . . .     SeeInvis .   (no weapon)
rCold    . . .     Gourm    .   (no shield)
rNeg     . . .     Faith    .   (armour unavailable)
rPois    .         Spirit   .   a - +0 hat
rElec    .         Reflect  .   (no cloak)
rCorr    .         Harm     .   (no gloves)
MR       .....                  (no boots)
Stlth    ++........             (no amulet)
HPRegen  0.07/turn              (no ring)
MPRegen  0.10/turn              (no ring)

@: very slightly contaminated
A: unfitting armour, cold-blooded, AC +4
a: no special abilities


You escaped.
You were not hungry.

You visited 1 branch of the dungeon, and saw 1 of its levels.

Inventory:

Armour
 a - a +0 hat (worn)
Comestibles
 b - 2 chunks of flesh
 c - a ration


   Skills:
 * Level 0.4 Fighting
 + Level 1.8 Dodging
 + Level 1.8 Stealth
 * Level 0.3 Unarmed Combat
 + Level 3.4 Spellcasting
 + Level 1.0 Conjurations
   Level 1.0 Summonings
   Level 1.0 Translocations


You had 6 spell levels left.
You knew the following spells:

 Your Spells              Type           Power        Failure   Level  Hunger
a - Magic Dart            Conj           #...         11%         1    None

Your spell library contained the following spells:

 Spells                   Type           Power        Failure   Level  Hunger
 Blink                    Tloc           N/A          16%         2    ##.....
 Call Imp                 Summ           #.......     16%         2    ##.....
 Slow                     Hex            #.......     24%         2    ##.....
 Conjure Flame            Conj/Fire      #.......     36%         3    ###....
 Mephitic Cloud           Conj/Pois/Air  #.......     38%         3    ###....


Dungeon Overview and Level Annotations

Branches:
Dungeon (1/15)

Altars:


Innate Abilities, Weirdness & Mutations

Your plain brown scales are hard. (AC +4)
You cannot fit into any form of body armour.
You are cold-blooded and may be slowed by cold attacks.


Message History

Confirm with . or Enter, or press ? or * to list all spells.
Aiming: Magic Dart (safe; 11% risk of failure)
Press: ? - help, Shift-Dir - straight line, f/p - hobgoblin
Aim: a hobgoblin You miscast Magic Dart.
You are very lightly contaminated with residual magic.
Strange energies run through your body. The bat hits you but does no damage.
The bat barely misses you. The hobgoblin hits you.
* * * LOW HITPOINT WARNING * * *
The bat barely misses you.
A rat comes into view.
The bat closely misses you. x2; The bat hits you but does no damage.
The bat hits you but does no damage. x2
The bat closely misses you. x2; The bat hits you but does no damage.
The bat hits you but does no damage. The bat barely misses you.
The bat closely misses you.
There is a staircase leading out of the dungeon here.
Are you sure you want to leave the Dungeon?
This will make you lose the game! The bat hits you but does no damage.
The bat closely misses you.
You have escaped!

#.........#
#...########
#....#...[g...#
b..#####'#####.##
## #.........#..#
.### #.........##.#
r....#..⌠...⌠..##.#
....#....b....##.#
....'....@....'..#
...#...gb)...#..#
#.#..⌠...⌠..##.#
#.........##.#
#.........##>#
#####+######.# #..
#.


You could see a hobgoblin and 2 bats.

Vanquished Creatures
  A gnoll (D:1)
  A leopard gecko (D:1)
2 creatures vanquished.

Vanquished Creatures (others)
  A goblin (D:1)
  A kobold (D:1)
2 creatures vanquished.

Grand Total: 4 creatures vanquished

Notes
Turn   | Place    | Note
-------+----------+-------------------------------------------
     0 | D:1      | Error4North the Draconian Wizard began the quest for the
                  | Orb.
     0 | D:1      | Reached XP level 1. HP: 14/14 MP: 4/4
    67 | D:1      | Reached XP level 2. HP: 5/22 MP: 0/6
   105 | D:$      | Got out of the dungeon alive.

Levels and vault maps discovered:
D:1:      mushboom_english_gardens, layout_rooms, lemuel_flame_loot_1

Action                   || total
-------------------------++-------
Melee: Unarmed           ||    29
       Tailslap          ||     1
 Cast: Magic Dart        ||    11
Armor: Skin              ||    23
Dodge: Dodged            ||    40

Table legend:
 A = Non-vault XP
 B = Vault XP
 C = Vault XP percentage of total XP
 D = Non-vault monster count
 E = Vault monster count
 F = Vault count percentage of total count
                 A         B        C        D         E       F
            +---------+---------+-------+---------+---------+-------
      Total |      17 |       0 |   0.0 |       2 |       0 |   0.0
            +---------+---------+-------+---------+---------+-------
        D:1 |      17 |       0 |   0.0 |       2 |       0 |   0.0
            +---------+---------+-------+---------+---------+-------
